 Dungeon Crawl Stone Soup version 0.26.1-16-g4e020e15dc (webtiles) character file.

Game seed: 6406331646590221504

33 BiteMe the Firebug (level 3, 0/24 HPs)
             Began as a Demonspawn Fire Elementalist on Dec 29, 2023.
             Slain by an adder (2 damage)
             ... on level 2 of the Dungeon.
             The game lasted 00:11:01 (2166 turns).

BiteMe the Firebug (Demonspawn Fire Elementalist)   Turns: 2166, Time: 00:11:02

Health: 0/24       AC:  2    Str:  8    XL:     3   Next: 12%
Magic:  1/6        EV: 12    Int: 17    God:
Gold:   71         SH:  0    Dex: 13    Spells: 5/6 levels left

rFire    . . .     SeeInvis .   e - +1 dagger (venom)
rCold    + . .     Faith    .   (no shield)
rNeg     . . .     Spirit   .   a - +0 robe
rPois    .         Reflect  .   (no helmet)
rElec    .         Harm     .   (no cloak)
rCorr    .         Rampage  .   (no gloves)
Will     .....                  (no boots)
Stlth    ++........             (no amulet)
HPRegen  0.08/turn              (no ring)
MPRegen  0.10/turn              (no ring)

@: brilliant, lethally poisoned (0 -> -14)
A: cold resistance 1, powered by pain 1
a: no special abilities


You were on level 2 of the Dungeon.
You visited 1 branch of the dungeon, and saw 2 of its levels.

You collected 71 gold pieces.

Inventory:

Hand Weapons
 e - a +1 dagger of venom (weapon)
 f - a +0 short sword
 h - a +0 hand axe
 n - a +0 spear
Missiles
 b - 19 sling bullets
 p - 23 arrows
Armour
 a - a +0 robe (worn)
 o - a +0 ring mail
Jewellery
 l - a cursed +4 ring of protection {unknown}
Scrolls
 c - 2 scrolls of blinking {unknown}
 g - a scroll of amnesia {unknown}
 i - a scroll of magic mapping {unknown}
 j - a scroll of identify {unknown}
 k - a scroll of teleportation {unknown}
 m - a scroll of enchant armour {unknown}


   Skills:
 * Level 0.8 Armour
 + Level 1.9 Dodging
 - Level 1.7 Stealth
 + Level 2.3 Spellcasting
 * Level 1.5 Conjurations
 + Level 3.1 Fire Magic


You had 5 spell levels left.
You knew the following spells:

 Your Spells              Type           Power        Failure   Level
a - Foxfire               Conj/Fire      56%          7%          1

Your spell library contained the following spells:

 Spells                   Type           Power        Failure   Level
 Conjure Flame            Conj/Fire      14%          22%         3
 Inner Flame              Hex/Fire       11%          30%         3
 Sticky Flame             Conj/Fire      14%          56%         4
 Fireball                 Conj/Fire      7%           89%         5


Dungeon Overview and Level Annotations

Branches:
Dungeon (2/15)

Altars:


Innate Abilities, Weirdness & Mutations

Your flesh is cold resistant. (rC+)
You sometimes gain a little power by taking damage.


Message History

You feel sick. The adder barely misses you. The adder bites you.
You are lethally poisoned!
The adder poisons you!
You see here an adder corpse.
It was a potion of brilliance.
You feel clever all of a sudden. The adder misses you.
You feel sick.
* * * LOW HITPOINT WARNING * * *
You feel sick. The adder closely misses you.
You barely miss the adder.
The adder is moderately wounded.
* * * LOW HITPOINT WARNING * * *
You feel sick. The adder barely misses you.
* * * LOW HITPOINT WARNING * * *
You feel sick. The adder bites you.
* * * LOW HITPOINT WARNING * * *
You are more poisoned.
The adder poisons you! The adder bites you.
You die...

#.....
##....
##...
##########.
##.#
#..........
#.
#†#####....
#.# #
#S#####.#
#@......#
#######.# #
#.#####.#.#
#.........#
#..# #..#
#..#######
#.........
#.########


You could see an adder.

Vanquished Creatures
  An adder (D:2)
  A worm (D:2)
  2 leopard geckos (D:1)
  3 goblins
  4 hobgoblins (D:1)
  2 kobolds (D:1)
  2 bats
  A frilled lizard (D:1)
  2 rats (D:1)
18 creatures vanquished.

Vanquished Creatures (others)
  54 foxfires
54 creatures vanquished.

Grand Total: 72 creatures vanquished

Notes
Turn   | Place    | Note
-------+----------+-------------------------------------------
     0 | D:1      | BiteMe the Demonspawn Fire Elementalist began the quest for
                  | the Orb.
     0 | D:1      | Reached XP level 1. HP: 13/13 MP: 3/3
   637 | D:1      | Gained mutation: Your flesh is cold resistant. (rC+)
                  | [demonic ancestry]
   637 | D:1      | Reached XP level 2. HP: 18/19 MP: 3/5
  1071 | D:2      | Reached skill level 3 in Fire Magic
  2147 | D:1      | You fall into a shaft and drop 1 floor!
  2155 | D:2      | Gained mutation: You sometimes gain a little power by
                  | taking damage. [demonic ancestry]
  2155 | D:2      | Reached XP level 3. HP: 19/24 MP: 2/6
  2166 | D:2      | Slain by an adder

Illustrated notes

Levels and vault maps discovered:
D:1:      wheals_arrival_shading, layout_basic
D:2:      layout_loops_ring, elyvilon_altar_4

Skill      XL: |  1  2 |
---------------+-------+-----
Fire Magic     | 3 |  3.1
Armour         | |  0.8
Dodging        | |  1.9
Stealth        | |  1.7
Spellcasting   | |  2.3
Conjurations   | |  1.5

Action                   || total
-------------------------++-------
Melee: Dagger            ||    10
 Cast: Foxfire           ||    35
  Use: Potion            ||     1
Armor: Robe              ||     2
Dodge: Dodged            ||    20
